 Dungeon Crawl Stone Soup version 0.26-a0-1002-g7355149c4d (webtiles) character file.

Game seed: 13393880840007038092

28 dolemite99 the Shield-Bearer (level 3, 0/31 HPs)
             Began as a Minotaur Fighter on Dec 7, 2020.
             Slain by an ogre
             ... wielding a +0 giant club
              (20 damage)
             ... on level 2 of the Dungeon.
             The game lasted 00:01:11 (795 turns).

dolemite99 the Shield-Bearer (Minotaur Fighter)      Turns: 795, Time: 00:01:12

Health: 0/31       AC: 11    Str: 21    XL:     3   Next: 0%
Magic:  2/2        EV:  3    Int:  5    God:
Gold:   38         SH:  9    Dex:  9    Spells: 2/2 levels left

rFire    . . .     SeeInvis .   i - -1 spear (curse)
rCold    . . .     Faith    .   c - +0 kite shield
rNeg     . . .     Spirit   .   f - +0 plate armour
rPois    .         Reflect  .   (helmet restricted)
rElec    .         Harm     .   (no cloak)
rCorr    .         Rampage  .   (no gloves)
Will     .....                  (no boots)
Stlth    ..........             (no amulet)
HPRegen  0.10/turn              (no ring)
MPRegen  0.08/turn              (no ring)

@: no status effects
A: retaliatory headbutt, horns 2
a: no special abilities


You were on level 2 of the Dungeon.
You visited 1 branch of the dungeon, and saw 2 of its levels.

You collected 38 gold pieces.

Inventory:

Hand Weapons
 a - a +0 war axe
 i - a cursed -1 spear (weapon)
 m - a +1 hand axe of pain
Missiles
 e - 17 sling bullets
 h - 8 poisoned darts (quivered)
Armour
 b - a +0 scale mail
 c - a +0 kite shield (worn)
 f - a +0 plate armour (worn)
Potions
 d - 2 potions of might
 g - 3 potions of brilliance
 j - a potion of magic {unknown}


   Skills:
 - Level 3.6 Fighting
 - Level 2.4(3.2) Axes
 - Level 2.2(2.7) Maces & Flails
 + Level 2.2(2.7) Polearms
 - Level 3.6 Armour
 - Level 3.6 Shields


You had 2 spell levels left.
You didn't know any spells.
Your spell library was empty.

Dungeon Overview and Level Annotations

Branches:
Dungeon (2/15)

Altars:


Innate Abilities, Weirdness & Mutations

You reflexively headbutt those who attack you in melee.
You have a pair of horns on your head.


Message History

An ogre comes into view. It is wielding a +0 giant club.
The ogre shouts!
You throw a poisoned dart. The poisoned dart hits the ogre.
An ogre is nearby!
You throw a poisoned dart.
The poisoned dart barely misses the ogre.
You throw a poisoned dart.
The poisoned dart barely misses the ogre.
You throw a poisoned dart. The poisoned dart hits the ogre.
The ogre is poisoned.
You reach to attack!
You hit the ogre.
The ogre is lightly wounded.
You hit the ogre but do no damage. Your headbutt misses the ogre.
The ogre is lightly wounded.
The ogre hits you with a +0 giant club!
You hit the ogre. You headbutt the ogre!
The ogre is heavily wounded.
The ogre hits you with a +0 giant club!!
Ouch! That really hurt!
You die...

#...........<.
#####.....####
##...##
######.##
#......#
#.###### #.#
.###########.#
.((((.O@.....#
##############


You could see an ogre (poisoned).

Vanquished Creatures
  2 leopard geckos (D:1)
  A ball python (D:1)
  2 giant cockroaches (D:1)
  6 goblins (D:1)
  2 hobgoblins (D:1)
  2 jackals (D:1)
  3 kobolds (D:1)
  2 frilled lizards (D:1)
  2 rats (D:1)
22 creatures vanquished.

Notes
Turn   | Place    | Note
-------+----------+-------------------------------------------
     0 | D:1      | dolemite99 the Minotaur Fighter began the quest for the
                  | Orb.
     0 | D:1      | Reached XP level 1. HP: 19/19 MP: 0/0
   137 | D:1      | Reached skill level 1 in Maces & Flails
   176 | D:1      | Reached XP level 2. HP: 26/26 MP: 1/1
   349 | D:1      | Reached skill level 1 in Polearms
   557 | D:1      | Reached XP level 3. HP: 31/31 MP: 2/2
   788 | D:2      | Noticed an ogre
   795 | D:2      | Slain by an ogre

Illustrated notes

Levels and vault maps discovered:
D:1:      matt_arrival_refuge, layout_basic, hangedman_abyss_or_decor_stabs
D:2:      layout_loops_ring, makhleb_grotto_becter, ashenzari_altar_1,
          serial_forest, infiniplex_forest_clump_large,
          infiniplex_forest_straight_2, infiniplex_forest_clump_small,
          infiniplex_forest_lined_room_2, infiniplex_forest_end_1,
          infiniplex_forest_straight_3, infiniplex_forest_clump_medium,
          nicolae_gozag_cash_rules_everything_around_me

Skill      XL: |  1  2 |
---------------+-------+-----
Maces & Flails | 2 |  2.2
Polearms       | 2 |  2.2
Fighting       | |  3.6
Axes           | |  2.4
Armour         | |  3.6
Shields        | |  3.6

Action                   || total
-------------------------++-------
Melee: War axe           ||    11
       Headbutt          ||     7
       Spear             ||    30
Throw: Dart              ||    22
  Use: Scroll            ||     5
Armor: Scale mail        ||    15
       Plate armour      ||     2
Dodge: Dodged            ||     8
Block: Kite shield       ||    11

Table legend: (Time is in decaauts)
 A = Elapsed time spent in this place.
 B = Non-inter-level travel time spent in this place.
 C = Inter-level travel time spent in this place.
 D = Time resting spent in this place.
 E = Time spent auto-exploring this place.
 F = Levels seen in this place.
 G = Mean time per level.
                   A        B        C        D        E       F      G
               +--------+--------+--------+--------+--------+-----+--------+
         Total |    803 |    798 |      5 |     21 |    576 |   2 |  401.5 |
       Dungeon |    803 |    798 |      5 |     21 |    576 |   2 |  401.5 |
               +--------+--------+--------+--------+--------+-----+--------+

Top non-repeatable levels by time:
     D:1: 772 daAuts
     D:2: 30 daAuts
